 Dungeon Crawl Stone Soup version 0.27-a0-1149-g4505690ab0 (webtiles) character file.

Game seed: 5537808730328358750

301298 voltaire321 the Tortoise (level 21, -11/144 HPs)
             Began as a Gargoyle Fighter on May 12, 2021.
             Was a High Priest of Ashenzari.
             Shot with an arrow by a deep elf master archer (15 damage)
             ... on level 3 of the Elven Halls on May 13, 2021.
             The game lasted 02:34:51 (47332 turns).

voltaire321 the Tortoise (Gargoyle Fighter)        Turns: 47332, Time: 02:34:52

Health: -11/144    AC: 55    Str: 27    XL:     21   Next: 3%
Magic:  21/21      EV: 14    Int: 15    God:    Ashenzari [*****.]
Gold:   1412       SH: 21    Dex:  8    Spells: 20/20 levels left

rFire    + + +     SeeInvis +   n - +10 whip of Star-Bound Wisdom {pain, rPois rF+ rCorr, Fort, Cun} (curse)
rCold    + + +     Faith    .   c - +0 kite shield "Gnosis of Ashenzari" {Range, Melee} (curse)
rNeg     + . .     Spirit   .   J - +7 gold dragon scales
rPois    ∞         Reflect  +   F - +2 hat "Shackled Prison" {Will+, Cun, Alch} (curse)
rElec    +         Harm     .   z - scarf "Thunder Perfect Mind" {repulsion, Melee, Range} (curse)
rCorr    +         Rampage  .   Q - +0 pair of gloves
Will     ++...     Clarity  +   x - +2 pair of boots "Chained Affliction" {Bglg, Melee} (curse)
Stlth    ..........             d - amulet "Shattered Portent" {Reflect rC+ Int+4 SH+5, Cun, Melee} (curse)
HPRegen  0.34/turn              Z - ring "Regret of the Sky" {rElec rF+ rC+ EV+4, Alch, Melee} (curse)
MPRegen  0.17/turn              H - ring of Ashenzari's Submission {Slay+4, Fort, Melee} (curse)

@: about to teleport, flying, repel missiles
A: sickness immunity, AC +16, big wings, negative energy resistance 1,
electricity resistance, torment resistance 1, petrification resistance, clumsy 1
}: 2/15 runes: decaying, serpentine
a: Renounce Religion, Curse Item, Shatter the Chains


You were on level 3 of the Elven Halls.
You worshipped Ashenzari.
Ashenzari was extremely pleased with you.
You visited 6 branches of the dungeon, and saw 34 of its levels.

You collected 3565 gold pieces.
You spent 2153 gold pieces at shops.

Inventory:

Hand Weapons
 i - a +1 demon whip of venom
 n - the cursed +10 whip of Star-Bound Wisdom (weapon) {pain, rPois rF+ rCorr, Fort, Cun}
   (You bought it in a shop on level 13 of the Dungeon)

   In the hands of one skilled in necromantic magic, it inflicts extra damage on
   living creatures.
   It protects you from fire.
   It protects you from poison.
   It protects you from acid and corrosion.
   It has a curse which improves the following skills: Fortitude: Armour and
   Shields.
   Cunning:   Dodging and Stealth.
 s - the +8 whip "Snakebite" {curare, rPois}
   (You acquired it on level 2 of the Swamp)

   It poisons the flesh of those it strikes.
   It protects you from poison.
Missiles
 h - 8 javelins
 u - 6 curare-tipped darts (quivered)
 v - 152 poisoned darts
Armour
 c - the cursed +0 kite shield "Gnosis of Ashenzari" (worn) {Range, Melee}

   It has a curse which improves the following skills: Ranged Combat: Slings,
   Bows, Crossbows and Throwing.
   Melee Combat: Short Blades, Long Blades, Axes, Maces & Flails, Polearms,
   Staves and Unarmed Combat.
 o - a +0 tower shield
 x - the cursed +2 pair of boots "Chained Affliction" (worn) {Bglg, Melee}
   (You found it on level 5 of the Dungeon)

   It has a curse which improves the following skills: Beguiling: Conjurations,
   Hexes and Translocations.
   Melee Combat: Short Blades, Long Blades, Axes, Maces & Flails, Polearms,
   Staves and Unarmed Combat.
 z - the cursed scarf "Thunder Perfect Mind" (worn) {repulsion, Melee, Range}
   (You found it on level 1 of the Swamp)

   It has a curse which improves the following skills: Melee Combat: Short
   Blades, Long Blades, Axes, Maces & Flails, Polearms, Staves and Unarmed
   Combat.
   Ranged Combat: Slings, Bows, Crossbows and Throwing.
 F - the cursed +2 hat "Shackled Prison" (worn) {Will+, Cun, Alch}
   (You took it off Gastronok on level 9 of the Dungeon)

   It has a curse which improves the following skills: Cunning: Dodging and
   Stealth.
   Alchemy:   Poison Magic and Transmutations.
 J - +7 gold dragon scales (worn)
 Q - a +0 pair of gloves (worn)
Jewellery
 d - the cursed amulet "Shattered Portent" (around neck) {Reflect rC+ Int+4 SH+5, Cun, Melee}
   (You bought it in a shop on level 2 of the Orcish Mines)

   [amulet of reflection]

   It reflects blocked missile attacks.
   It affects your intelligence (+4).
   It protects you from cold.
   It affects your SH (+5).
   It has a curse which improves the following skills: Cunning: Dodging and
   Stealth.
   Melee Combat: Short Blades, Long Blades, Axes, Maces & Flails, Polearms,
   Staves and Unarmed Combat.
 k - a +4 ring of evasion
 y - a ring of positive energy
 H - the cursed ring of Ashenzari's Submission (right hand) {Slay+4, Fort, Melee}
   (You found it on level 4 of the Swamp)

   [ring of slaying]

   It affects your accuracy and damage with ranged weapons and melee attacks
   (+4).
   It has a curse which improves the following skills: Fortitude: Armour and
   Shields.
   Melee Combat: Short Blades, Long Blades, Axes, Maces & Flails, Polearms,
   Staves and Unarmed Combat.
 Z - the cursed ring "Regret of the Sky" (left hand) {rElec rF+ rC+ EV+4, Alch, Melee}
   (You took it off a tengu reaver on level 12 of the Dungeon)

   [ring of evasion]

   It affects your evasion (+4).
   It protects you from fire.
   It protects you from cold.
   It insulates you from electricity.
   It has a curse which improves the following skills: Alchemy: Poison Magic and
   Transmutations.
   Melee Combat: Short Blades, Long Blades, Axes, Maces & Flails, Polearms,
   Staves and Unarmed Combat.
Wands
 m - a wand of mindburst (58)
 A - a wand of acid (38)
 B - a wand of polymorph (15)
 C - a wand of digging (6)
 G - a wand of charming (5)
 L - a wand of iceblast (40)
 N - a wand of paralysis (3)
 S - a wand of flame (84)
Scrolls
 a - 2 scrolls of brand weapon
 b - a scroll of holy word
 e - 14 scrolls of teleportation
 f - 10 scrolls of amnesia
 j - 6 scrolls of enchant weapon
 t - 13 scrolls of magic mapping
 K - 3 scrolls of summoning
 M - 3 scrolls of fog
 U - 2 scrolls of blinking
 V - a scroll of silence
 Y - 2 scrolls of fear
Potions
 g - 14 potions of curing
 l - 4 potions of haste
 p - 5 potions of cancellation
 r - 2 potions of berserk rage
 w - a potion of ambrosia
 D - a potion of resistance
 O - 7 potions of brilliance
 R - 7 potions of might
 T - 2 potions of magic
 X - a potion of invisibility
Miscellaneous
 q - a condenser vane
 W - a phantom mirror


   Skills:
 + Level 19.4 Fighting
 - Level 9.7(17.5) Maces & Flails
 - Level 8.4(12.3) Throwing
 + Level 19.4(22.5) Armour
 - Level 7.6(12.7) Dodging
 - Level 16.6(20.0) Shields
 + Level 9.6 Necromancy
 - Level 10.5 Evocations


You had 20 spell levels left.
You didn't know any spells.
Your spell library contained the following spells:

 Spells                   Type           Power      Damage    Failure   Level
 Animate Skeleton         Necr           58%        N/A       4%          1
 Corpse Rot               Necr/Air       N/A        N/A       47%         2
 Apportation              Tloc           2%         N/A       92%         1
 Corona                   Hex            1%         N/A       92%         1
 Magic Dart               Conj           4%         1d3       92%         1
 Foxfire                  Conj/Fire      0%         2x1d4     94%         1
 Shock                    Conj/Air       0%         1d3       94%         1
 Summon Small Mammal      Summ           0%         N/A       95%         1
 Blink                    Tloc           N/A        N/A       98%         2
 Call Imp                 Summ           0%         N/A       98%         2
 Searing Ray              Conj           2%         3d3       98%         2
 Slow                     Hex            1%         N/A       98%         2
 Confusing Touch          Hex            1%         N/A       100%        3
 Conjure Flame            Conj/Fire      0%         6-21      100%        3
 Gell's Gravitas          Tloc           0%         N/A       100%        3
 Inner Flame              Hex/Fire       0%         N/A       100%        3
 Lesser Beckoning         Tloc           0%         N/A       100%        3
 Mephitic Cloud           Conj/Pois/Air  0%         N/A       100%        3
 Stone Arrow              Conj/Erth      0%         3d7       100%        3
 Teleport Other           Tloc           1%         N/A       100%        3
 Tukima's Dance           Hex            1%         N/A       100%        3
 Cause Fear               Hex            0%         N/A       100%        4
 Petrify                  Tmut/Erth      0%         N/A       100%        4
 Sticky Flame             Conj/Fire      0%         2d3       100%        4
 Alistair's Intoxication  Tmut/Pois      0%         N/A       100%        5
 Fireball                 Conj/Fire      0%         3d3       100%        5
 Hydra Form               Tmut           0%         N/A       100%        5
 Manifold Assault         Tloc           1%         N/A       100%        5
 Metabolic Englaciation   Hex/Ice        0%         N/A       100%        5
 Silence                  Hex/Air        0%         N/A       100%        5
 Summon Forest            Summ/Tloc      0%         N/A       100%        5
 Summon Mana Viper        Hex/Summ       0%         N/A       100%        5
 Yara's Violent Unravell  Hex/Tmut       0%         3d3       100%        5
 Eringya's Noxious Bog    Tmut/Pois      0%         N/A       100%        6
 Freezing Cloud           Conj/Ice/Air   0%         6-21      100%        6
 Invisibility             Hex            1%         N/A       100%        6
 Shadow Creatures         Summ           N/A        N/A       100%        6
 Summon Hydra             Summ           0%         N/A       100%        7
 Discord                  Hex            0%         N/A       100%        8


Dungeon Overview and Level Annotations

Branches:
Dungeon (15/15)            Temple (0/1) D:7            Lair (6/6) D:9
  Swamp (4/4) Lair:4        Snake (4/4) Lair:2        Slime (0/5) Lair:5
    Orc (2/2) D:9             Elf (3/3) Orc:2        Vaults (0/5) D:14
 Depths (0/5) D:15

Altars:
Ashenzari
Cheibriados
Dithmenos
Kikubaaqudgha
Okawaru
Sif Muna
Vehumet
Xom
Zin
Jiyva

Shops:
D:7 :   D:10 [   D:13 (   Orc:2 =(=((   Elf:2 (   Elf:3 [(*[   Snake:1 =:=
Snake:2 ?

Annotations:
Lair:1 3 runed translucent doors, Shayle's ghost, journeyman GrIE
Lair:2 2 transporters, ClownBaby's ghost, journeyman MfMo
Elf:2 3 runed translucent doors
Elf:3 Donald


Innate Abilities, Weirdness & Mutations

You are immune to sickness and miasma.
Your stone body is resilient. (AC +16)
You are immune to poison.
Your large and strong wings let you fly.
You resist negative energy. (rN+)
You are resistant to electric shocks. (rElec)
You are resistant to unholy torment.
You are immune to petrification.
You are clumsy. (Dex -2)


Message History

The Tzitzimitl calls on the powers of darkness!
The deep elf demonologist convulses! x4; The deep elf sorcerer convulses!
The deep elf master archer convulses!
The deep elf sorcerer convulses!
The deep elf elementalist convulses!
The deep elf demonologist convulses!
The deep elf death mage convulses! x2; The deep elf blademaster convulses!
Your body is wracked with pain!
The deep elf master archer shoots an arrow.
You reflect the arrow off an invisible shield around you!
The arrow hits the deep elf master archer!!
The deep elf blademaster hits you with a +0 quick blade.
* * * LOW HITPOINT WARNING * * *
You block the deep elf blademaster's attack.
The deep elf master archer shoots an arrow.
The arrow hits you but does no damage.
You completely miss the deep elf blademaster.
The deep elf blademaster is severely wounded.
The deep elf demonologist seems less brilliant. x2
The Tzitzimitl calls on the powers of darkness!
The deep elf demonologist convulses! x3; Donald convulses!
The deep elf sorcerer convulses!
The deep elf elementalist convulses!
The deep elf death mage convulses!
The deep elf master archer convulses!
The deep elf demonologist convulses!
The deep elf sorcerer convulses!
The deep elf death mage convulses!
The deep elf blademaster convulses!
Your body is wracked with pain!
* * * LOW HITPOINT WARNING * * *
The deep elf master archer shoots an arrow.
The arrow closely misses you.
The arrow hits the deep elf blademaster!!
The deep elf blademaster dies!
The hellion gestures at you.
The sphere of damnation explodes!
The damnation engulfs you!!
* * * LOW HITPOINT WARNING * * *
The deep elf demonologist casts a spell.
The deep elf master archer shoots an arrow.
The arrow hits you but does no damage.
The deep elf elementalist points at the deep elf sorcerer and mumbles some strange words.
Some walls begin to move on their own!
The deep elf master archer shoots an arrow.
The arrow hits you!
You die...

*.#####.######.### # * *
.......)#..##.######* *##
* *
'#####..).)..........,...
* ,, ,
###)...##.#######*### * ,
###...###.### ** * *
##.....##### * *
#..#e##.# ** #### *,
##.#.#E#.#* * *,*#.## ,,*
#.#@#E##.#** #..# *,,,, *
.E#.#EE ##,, , #... ,* ,
###e### , , #..[ *
,3##e##4{ ,, #... , **
,,11e.2ee ,* , #..# *
{e2ee2e{{* * ,,, #.## ,,
*{{4@1e4{{* *#### *,, ,,
*{,4243ee{ , #### , ,,
...4e11, ,,, , #.##


You could see a cacodemon (summoned), Donald (fast, strong, empowered), 2 deep
elf master archers, a green death (summoned), a deep elf death mage (empowered),
an Executioner (summoned), 2 deep elf sorcerers, a deep elf elementalist (fast,
empowered, repels missiles), 2 deep elf demonologists, an orange demon
(summoned, wandering), 5 earth elementals, an ice devil (summoned), a smoke
demon (summoned), a hellion (summoned), a neqoxec (summoned) and a red devil
(summoned).

Vanquished Creatures
  Mara (Snake:3)
  Vashnia (Snake:4)
  Nikola (Snake:3)
  2 tentacled monstrosities (Swamp:4)
  Jorgrun (Swamp:2)
  A deep elf blademaster (Elf:3)
  Agnes (Elf:2)
  Gastronok (D:9)
  A thorn hunter (Swamp:1)
  The ghost of tinescath the Warrior, an adept DrTm of Makhleb (Snake:1)
  2 tengu reavers (D:12)
  A storm dragon (D:12)
  3 nagarajas
  The ghost of freelancePsychic the Geomancer, an adept KoEE of Sif Muna (Snake:1)
  5 fenstrider witches (Swamp:4)
  A deep elf sorcerer (Elf:2)
  3 orc warlords
  Louise (Snake:3)
  A deep elf elementalist (Elf:3)
  Aizul (Snake:3)
  A stone giant (D:12)
  5 ghouls (Swamp:4)
  2 reapers (Swamp:4)
  3 bunyips
  Azrael (Elf:2)
  3 deep elf annihilators
  A deep elf death mage (Elf:1)
  3 eleionomae
  An ettin (D:12)
  A yaktaur captain (D:12)
  2 great orbs of eyes
  Fannar (Lair:2)
  2 deep elf high priests (Elf:3)
  The ghost of MisterAzrael the Severer, a journeyman HOFi of Trog (D:10)
  3 shambling mangroves
  3 fire dragons
  3 boulder beetles
  5 salamander tyrants (Snake:4)
  2 spriggan air magi
  24 hydras
  3 vault guards (D:14)
  2 ogre magi
  13 naga warriors
  4 centaur warriors
  8 anacondas
  A ghost crab (Swamp:4)
  5 two-headed ogres
  18 dancing weapons
  6 death yaks (Lair:6)
  4 alligators
  A deep troll earth mage (D:12)
  13 naga sharpshooters
  3 tengu warriors
  5 orc high priests
  7 shock serpents
  2 soul eaters (Swamp:4)
  A fire crab (shapeshifter) (D:15)
  8 deep elf knights
  3 salamander mystics
  A sixfirhy (Swamp:4)
  A death drake (Swamp:3)
  3 skeletal warriors (D:14)
  7 spriggan druids
  4 bog bodies
  16 swamp dragons
  7 naga ritualists
  4 wizards
  7 lindwurms
  8 deep elf archers
  2 necromancers (D:14)
  4 orc knights (Orc:2)
  Pikel (D:9)
  28 deep elf pyromancers
  18 deep elf zephyrmancers
  11 mana vipers
  4 oklob plants (Lair:6)
  4 wolf spiders
  A manticore (D:12)
  38 salamanders
  9 orc sorcerers
  16 ugly things
  4 cyclopes
  2 will-o-the-wisps (Swamp:3)
  An elephant (shapeshifter) (Elf:3)
  7 guardian serpents
  12 naga magi
  4 acid dragons
  15 elephants
  A gargoyle (D:13)
  6 torpor snails
  46 black mambas
  A cane toad (shapeshifter) (Elf:2)
  An orange demon (Swamp:4)
  13 cane toads
  5 rime drakes
  5 unseen horrors
  A yaktaur (D:13)
  A kobold demonologist (D:9)
  12 komodo dragons
  A tengu conjurer (D:15)
  2 hellwings (Swamp:4)
  A meliai (shapeshifter) (D:15)
  A hornet (shapeshifter) (D:13)
  3 trolls
  18 tyrant leeches
  The ghost of TODO the Shield-Bearer, an amateur FoFi of Yredelemnul (D:5)
  2 polar bears (Lair:5)
  21 hornets
  22 blink frogs
  12 slime creatures
  4 dream sheep (Lair:5)
  Grinder (D:5)
  A meliai zombie (D:11)
  A shadow (D:12)
  49 yaks
  A water elemental (Elf:2)
  2 centaur simulacra
  4 wraiths
  9 spriggans
  2 air elementals
  3 wyverns
  18 humans (D:14)
  10 basilisks
  8 fire elementals
  11 vampire mosquitoes
  A neqoxec (Swamp:4)
  2 steam dragons (Lair:6)
  2 chaos spawn (Swamp:4)
  4 wargs
  Edmund (D:5)
  43 nagas
  12 water moccasins
  A hell hound (Elf:2)
  15 swamp worms
  2 swamp drakes
  28 orc warriors
  A sky beast (D:7)
  5 black bears
  2 hornet zombies
  13 wolves
  5 boggarts
  4 ogres
  9 centaurs
  4 kobold brigands
  13 bullfrogs
  2 gnoll sergeants
  An earth elemental (Elf:3)
  A water moccasin zombie (D:6)
  4 scorpions
  5 killer bees (D:10)
  5 wights (D:8)
  12 howler monkeys
  10 electric eels
  A bullfrog zombie (D:6)
  5 hounds
  2 centaur zombies
  A gnoll shaman (D:7)
  15 orc priests
  2 jellies
  A bullfrog skeleton (D:6)
  Jessica (D:3)
  6 iguanas
  29 orc wizards
  2 killer bee zombies
  A hound skeleton (D:5)
  3 howler monkey zombies
  15 adders
  13 gnolls
  A howler monkey skeleton (D:6)
  2 worms
  4 dart slugs
  90 orcs
  3 bats
  5 endoplasms
  A giant cockroach (D:1)
  2 goblins
  12 hobgoblins
  6 jackals
  4 quokkas
  7 ball pythons
  4 frilled lizards (D:1)
  24 kobolds
  3 rats
  2 briar patches (Swamp:1)
1217 creatures vanquished.

Vanquished Creatures (collateral kills)
  A komodo dragon (Lair:6)
  A rime drake (Lair:6)
  A yak (Lair:6)
  An iguana (Lair:6)
4 creatures vanquished.

Vanquished Creatures (others)
  A deep elf blademaster (Elf:3)
  An ogre mage (Swamp:4)
  An anaconda (Snake:2)
  A spriggan (Swamp:3)
  2 deep elf knights (Elf:2)
  A spriggan druid (Swamp:4)
  A deep elf archer (Elf:2)
  3 deep elf zephyrmancers
  A deep elf pyromancer (Elf:2)
  A bloated husk (Swamp:3)
  A hornet (Swamp:3)
  A water elemental (Elf:2)
  A naga (Snake:4)
  An acid dragon (Lair:6)
  2 orc wizards
  8 foxfires (Swamp:3)
  67 fungi
  131 plants
  2 withered plants (Snake:1)
227 creatures vanquished.

Grand Total: 1448 creatures vanquished

Notes
Turn   | Place    | Note
-------+----------+-------------------------------------------
     0 | D:1      | voltaire321 the Gargoyle Fighter began the quest for the
                  | Orb.
     0 | D:1      | Reached XP level 1. HP: 14/14 MP: 1/1
   205 | D:1      | Reached XP level 2. HP: 19/19 MP: 2/2
   451 | D:1      | Reached XP level 3. HP: 22/23 MP: 3/3
  1110 | D:2      | Found a faded altar of an unknown god.
  1176 | D:2      | Found a broken altar of Ashenzari.
  1216 | D:2      | Became a worshipper of Ashenzari the Shackled
  1724 | D:3      | Reached XP level 4. HP: 19/29 MP: 4/4
  2153 | D:3      | Noticed Jessica
  2166 | D:3      | Killed Jessica
  2167 | D:3      | Reached XP level 5. HP: 24/33 MP: 5/5
  2732 | D:4      | Found an iron altar of Okawaru.
  2733 | D:4      | Reached * piety under Ashenzari
  2751 | D:4      | Noticed a kobold brigand
  2753 | D:4      | Noticed a kobold brigand
  2946 | D:4      | Reached XP level 6. HP: 31/40 MP: 6/6
  3088 | D:4      | Reached skill level 5 in Shields
  3304 | D:4      | Reached skill level 5 in Fighting
  3523 | D:4      | Reached skill level 5 in Armour
  3523 | D:4      | Reached XP level 7. HP: 44/46 MP: 7/7
  3697 | D:5      | Entered Level 5 of the Dungeon
  3790 | D:5      | Reached ** piety under Ashenzari
  3813 | D:5      | Noticed Edmund
  3888 | D:5      | Killed Edmund
  3889 | D:5      | Reached skill level 1 in Throwing
  4114 | D:5      | Noticed Grinder
  4131 | D:5      | Killed Grinder
  4132 | D:5      | Reached XP level 8. HP: 53/53 MP: 8/8
  4255 | D:5      | Found a runed translucent gate.
  4255 | D:5      | Found a runed translucent gate.
  4255 | D:5      | Noticed TODO's ghost (amateur FoFi)
  4256 | D:5      | Found a runed translucent gate.
  4781 | D:5      | Killed TODO's ghost
  4782 | D:5      | Reached skill level 5 in Maces & Flails
  5251 | D:6      | Reached XP level 9. HP: 59/59 MP: 9/9
  5356 | D:6      | Noticed a two-headed ogre
  5366 | D:6      | Killed a two-headed ogre
  5963 | D:7      | Found a staircase to the Ecumenical Temple.
  6124 | D:7      | Found an ancient bone altar of Kikubaaqudgha.
  6164 | D:7      | Found Vunodaxi's Book Boutique.
  6833 | D:8      | Reached XP level 10. HP: 60/66 MP: 10/10
  6860 | D:8      | Identified the +4 ring mail "Cink" {rF- Regen+ rCorr Dex-2}
  6993 | D:8      | Reached skill level 5 in Throwing
  7189 | D:8      | HP: 1/67 [orc priest/divine providence (17)]
  7822 | D:9      | Noticed an unseen horror
  7830 | D:9      | Killed an unseen horror
  7831 | D:9      | Reached skill level 1 in Dodging
  7934 | D:9      | Noticed a two-headed ogre
  7955 | D:9      | Killed a two-headed ogre
  7965 | D:9      | Reached *** piety under Ashenzari
  7981 | D:9      | Found a staircase to the Orcish Mines.
  8784 | D:9      | Reached XP level 11. HP: 60/73 MP: 11/11
  8858 | D:9      | Found a staircase to the Lair.
  8873 | D:9      | Noticed Pikel
  8883 | D:9      | Killed Pikel
  9009 | D:9      | Noticed Gastronok
  9034 | D:9      | Killed Gastronok
  9206 | D:9      | Reached **** piety under Ashenzari
  9811 | Lair:1   | Entered Level 1 of the Lair of Beasts
  9850 | Lair:1   | Found a runed translucent gate.
  9850 | Lair:1   | Found a runed translucent gate.
  9850 | Lair:1   | Noticed Shayle's ghost (journeyman GrIE)
  9857 | Lair:1   | Noticed a six-headed hydra
  9873 | Lair:1   | Found a runed translucent gate.
 10468 | Lair:2   | Reached skill level 10 in Shields
 10640 | Lair:2   | Found a staircase to the Snake Pit.
 10671 | Lair:2   | Reached skill level 10 in Armour
 10671 | Lair:2   | Reached XP level 12. HP: 75/81 MP: 12/12
 10733 | Lair:2   | Reached skill level 10 in Fighting
 10937 | Lair:2   | Noticed Fannar
 10952 | Lair:2   | Killed Fannar
 11280 | Lair:2   | Noticed a death yak
 11280 | Lair:2   | Noticed a catoblepas
 11282 | Lair:2   | Identified the +2 troll leather armour of the Thistle
                  | {Regen+ Stlth+}
 11282 | Lair:2   | Noticed ClownBaby's ghost (journeyman MfMo)
 11296 | Lair:2   | Found a transporter.
 11523 | Lair:2   | Noticed a six-headed hydra
 11534 | Lair:2   | Killed a six-headed hydra
 11535 | Lair:2   | Reached skill level 5 in Dodging
 11603 | Lair:2   | Found a transporter.
 11888 | Lair:2   | Identified the +7 dagger "Eciv" {protect, *Slow rF+ Str+7}
 12221 | Lair:3   | Noticed a five-headed hydra
 12238 | Lair:3   | Killed a five-headed hydra
 12683 | Lair:3   | Reached XP level 13. HP: 34/88 MP: 13/13
 13770 | Lair:4   | Found a staircase to the Swamp.
 15587 | Lair:5   | Gained mutation: Your large and strong wings let you fly.
                  | [Gargoyle growth]
 15587 | Lair:5   | Reached XP level 14. HP: 75/96 MP: 14/14
 15940 | Lair:5   | Found a viscous altar of Jiyva.
 15940 | Lair:5   | Found a staircase to the Slime Pits.
 16108 | Lair:6   | Entered Level 6 of the Lair of Beasts
 18037 | Lair:6   | Found a runed translucent door.
 18671 | Lair:6   | Identified the +7 battleaxe of Dust {freeze, MP-9 Dex+7}
 19464 | Lair:2   | Identified the +2 short sword of Piciaz {elec, Dex+4}
 19836 | Lair:2   | Reached XP level 15. HP: 104/104 MP: 15/15
 20130 | Orc:1    | Entered Level 1 of the Orcish Mines
 20279 | Orc:1    | Noticed an orc warlord
 20385 | D:9      | Killed an orc warlord
 20612 | Orc:2    | Entered Level 2 of the Orcish Mines
 20612 | Orc:2    | Found a staircase to the Elven Halls.
 21114 | Orc:2    | Found Goipras's Jewellery Emporium.
 21252 | Orc:2    | Found Beduvveh's Weapon Shop.
 21287 | Orc:2    | Paralysed by an orc sorcerer for 4 turns
 21919 | Orc:2    | Noticed an orc warlord
 21937 | Orc:2    | Killed an orc warlord
 22185 | Orc:2    | Reached skill level 15 in Armour
 22222 | Orc:2    | Reached skill level 15 in Fighting
 22461 | Orc:2    | Gained mutation: You are clumsy. (Dex -2) [a neqoxec]
 22478 | Orc:2    | Found Nihime's Jewellery Shop.
 22483 | Orc:2    | Found Mawnia's Weapon Emporium.
 22483 | Orc:2    | Found Runidang's Weapon Emporium.
 22733 | Orc:1    | Noticed an orc warlord
 22801 | Orc:1    | Killed an orc warlord
 23212 | Orc:2    | Bought the amulet of Jyt Jyv {Reflect rC+ Int+4 SH+5} for
                  | 681 gold pieces
 23360 | D:10     | Entered Level 10 of the Dungeon
 23454 | D:10     | Found a runed translucent door.
 23456 | D:10     | Found a shimmering altar of Xom.
 23456 | D:10     | Noticed MisterAzrael's ghost (journeyman HOFi)
 23489 | D:10     | Killed MisterAzrael's ghost
 23657 | D:10     | Found a radiant altar of Vehumet.
 23754 | D:10     | Found Cheibriados's Comfort Zone.
 23756 | D:10     | Found a snail-covered altar of Cheibriados.
 23779 | D:10     | Found a shimmering blue altar of Sif Muna.
 23780 | D:10     | Found a shadowy altar of Dithmenos.
 23960 | D:10     | Found a glowing silver altar of Zin.
 23960 | D:10     | Noticed an angel
 25517 | D:12     | Reached skill level 1 in Evocations
 25936 | D:12     | Identified the ring "Yddyaseg" {rElec rF+ rC+ EV+4}
 25936 | D:12     | Noticed a tengu reaver
 26271 | D:12     | Noticed a tengu reaver
 26271 | D:12     | Noticed a storm dragon
 26538 | D:12     | Reached XP level 16. HP: 75/114 MP: 16/16
 26780 | D:12     | Killed a tengu reaver
 26845 | D:12     | Killed a tengu reaver
 27087 | D:12     | Identified the +1 pair of boots of Xealyira {Dex+3}
 27123 | D:12     | Killed a storm dragon
 27650 | D:13     | Found Viocw's Weapon Boutique.
 27659 | D:13     | Bought the +10 whip of Fortitude {pain, rPois rF+ rCorr}
                  | for 1040 gold pieces
 28198 | D:14     | Reached skill level 1 in Necromancy
 28712 | D:14     | Found a gate to the Vaults.
 28788 | D:14     | Reached skill level 5 in Evocations
 29794 | D:15     | Entered Level 15 of the Dungeon
 30428 | D:15     | Reached XP level 17. HP: 109/120 MP: 17/17
 30861 | D:15     | Found a staircase to the Depths.
 31138 | Swamp:1  | Entered Level 1 of the Swamp
 31387 | Swamp:1  | Identified a scroll of acquirement
 32198 | Swamp:2  | Noticed Jorgrun
 32224 | Swamp:2  | Killed Jorgrun
 32343 | Swamp:2  | Acquired the +8 whip "Snakebite" {curare, rPois}
 32344 | Swamp:2  | Found the +8 whip "Snakebite" {curare, rPois}
 33462 | Swamp:3  | Reached skill level 5 in Necromancy
 34256 | Swamp:4  | Entered Level 4 of the Swamp
 34543 | Swamp:4  | Noticed a tentacled monstrosity
 34582 | Swamp:4  | Killed a tentacled monstrosity
 35354 | Swamp:4  | Reached XP level 18. HP: 124/124 MP: 18/18
 36428 | Swamp:4  | Noticed a tentacled monstrosity
 36430 | Swamp:4  | Identified the +1 ring mail "Keugy" {rN+}
 36445 | Swamp:4  | Killed a tentacled monstrosity
 36633 | Swamp:4  | Got a decaying rune of Zot
 36810 | Snake:1  | Entered Level 1 of the Snake Pit
 36841 | Snake:1  | Reached skill level 15 in Shields
 36965 | Snake:1  | Found a runed translucent gate.
 36966 | Snake:1  | Found a runed translucent gate.
 36967 | Snake:1  | Found a runed translucent gate.
 36968 | Snake:1  | Noticed freelancePsychic's ghost (adept KoEE)
 36970 | Snake:1  | Noticed tinescath's ghost (adept DrTm)
 37050 | Snake:1  | Killed tinescath's ghost
 37079 | Snake:1  | Killed freelancePsychic's ghost
 37338 | Snake:1  | Found Fota's Jewellery Emporium.
 37338 | Snake:1  | Found Ysmecaj's Book Shop.
 37339 | Snake:1  | Found Burrumosuo's Jewellery Emporium.
 37912 | Snake:2  | Found Ymoeron's Magic Scroll Boutique.
 37974 | Snake:2  | Bought a scroll of enchant weapon for 127 gold pieces
 37974 | Snake:2  | Bought a scroll of blinking for 127 gold pieces
 37974 | Snake:2  | Bought a scroll of teleportation for 51 gold pieces
 37974 | Snake:2  | Bought a scroll of blinking for 127 gold pieces
 38664 | Snake:3  | Noticed Louise
 39024 | Snake:3  | Reached XP level 19. HP: 130/130 MP: 19/19
 39222 | Snake:3  | Noticed Aizul
 39236 | Snake:3  | Killed Aizul
 39725 | Snake:3  | Noticed Mara
 39737 | Snake:3  | Noticed voltaire321's illusion
 39897 | Snake:3  | Noticed voltaire321's illusion
 39903 | Snake:3  | Noticed voltaire321's illusion
 40063 | Snake:3  | Noticed voltaire321's illusion
 40072 | Snake:3  | Killed Mara
 40376 | Snake:3  | Killed Louise
 40523 | Snake:3  | Noticed Nikola
 40543 | Snake:3  | Killed Nikola
 40854 | Snake:4  | Entered Level 4 of the Snake Pit
 41815 | Snake:4  | Noticed Vashnia
 41881 | Snake:4  | Killed Vashnia
 42336 | Snake:4  | Reached skill level 10 in Evocations
 42787 | Snake:4  | Reached XP level 20. HP: 137/137 MP: 20/20
 43447 | Snake:4  | Got a serpentine rune of Zot
 43825 | Elf:1    | Entered Level 1 of the Elven Halls
 43852 | Elf:1    | Found a radiant altar of Vehumet.
 44236 | Elf:1    | Identified the Incunabulum of Confrontation
 44717 | Elf:1    | Reached ***** piety under Ashenzari
 45602 | Elf:2    | Noticed Azrael
 45647 | Elf:2    | Killed Azrael
 45762 | Elf:2    | Found a runed translucent gate.
 45762 | Elf:2    | Found a runed translucent gate.
 45765 | Elf:2    | Found a runed translucent gate.
 45900 | Elf:2    | Noticed Agnes
 45913 | Elf:2    | Killed Agnes
 46068 | Elf:2    | Found Errisk's Weapon Shoppe.
 46348 | Elf:3    | Entered Level 3 of the Elven Halls
 46348 | Elf:3    | Found Qiosteomp's Antique Armour Shop.
 46529 | Elf:3    | Found Lorch's Weapon Shop.
 46533 | Elf:3    | Found Gefewunt's Assorted Antiques.
 46534 | Elf:3    | Found Vicutz's Antique Armour Shop.
 46906 | Elf:3    | Identified the +0 leather armour of Lightning Storm {rPois
                  | rCorr Int-3 Dex+3}
 47301 | Elf:3    | Identified the +5 scale mail of the Equinox {rC+}
 47310 | Elf:3    | Reached XP level 21. HP: 133/144 MP: 21/21
 47312 | Elf:3    | Noticed Donald
 47332 | Elf:3    | HP: 4/144 [hellion/damnation[a deep elf demonologist] (30)]
 47332 | Elf:3    | Shot with an arrow by a deep elf master archer

Illustrated notes

Levels and vault maps discovered:
D:1:      amcnicky_arrival_underground_garden, layout_loops_ring,
          minmay_hexomino_c4
D:2:      layout_basic, basic_altar, shapermc_ecumenical_altar_mp_ritualfount,
          kennysheep_cross_bottleneck
D:3:      layout_basic, uniq_jessica
D:4:      cheibrodos_thug_alley, layout_loops_ring, kennysheep_okawaru_gauntlet,
          hangedman_decor_peaks_small
D:5:      layout_basic, ebering_ghost_rock_garden, uniq_grinder, uniq_edmund
D:6:      layout_basic, kennysheep_donut
D:7:      layout_cave_pods, lemuel_tele_altar, minmay_temple_entry_proselytizer,
          serial_shops, shop_fountains
D:8:      layout_basic
D:9:      layout_loops_ring, david_lair_shrubbed, erik_orc_2, uniq_pikel,
          uniq_gastronok
D:10:     layout_small_grid, zin_angel, vehumet_altar_wand_db,
          grunt_temple_overflow_open, ebering_ghost_xom, minmay_shop_chei
D:11:     layout_loops_corners
D:12:     minmay_tile_spiral, layout_long_grid, kennysheep_generic_room_10
D:13:     hangedman_arrow_trap, layout_long_grid, serial_shops, shop
D:14:     layout_basic, grunt_vaults_entry_tiered, grunt_decor_clamped,
          hangedman_decor_slide_cut
D:15:     gammafunk_enter_depths_forms, layout_gridville, nicolae_lava_and_water
Lair:1:   layout_roguey, gammafunk_ghost_split
Lair:2:   layout_cave_pods, minmay_snake_entry_guardpost_medium,
          gammafunk_ghost_arena, minmay_lindwurm_lava, uniq_fannar
Lair:3:   minmay_lair_venomous_thicket, layout_regular_city,
          serial_bayou_shore_b
Lair:4:   layout_small_grid, minmay_swamp_entry_worms, kilobyte_rumbling_trees
Lair:5:   layout_regular_city, slime_altar_1
Lair:6:   wormcave, layout_loops_ring, guppyfry_lair_end_dragon,
          lemuel_fruit_tree, serial_bayou_shore_a, serial_bayou_shore_b,
          grunt_megastairs_1, minmay_lair_oklob_chamber
Swamp:1:  layout_basic_swamp, nicolae_swamp_oxbows
Swamp:2:  layout_basic_swamp, serial_swamp_ruin, evilmike_swamp_ruin_rubble_2,
          evilmike_swamp_ruin_house_1, uniq_jorgrun
Swamp:3:  layout_basic_swamp, hangedman_swamp_ruin_wall, st_swamp_ruins_2
Swamp:4:  nzn_swamp_witches_coven, layout_basic_swamp
Snake:1:  layout_misc_corridors, gammafunk_ghost_cemetery, minmay_shop_grove
Snake:2:  layout_gridlike, serial_shops, shop, nicolae_snake_round_shape_thing
Snake:3:  layout_misc_corridors, nicolae_snake_single_loop, uniq_aizul,
          uniq_mara, uniq_nikola, uniq_louise
Snake:4:  grunt_snake_rune_pools, layout_gridlike, uniq_vashnia
Orc:1:    layout_caves, nicolae_orc_rockfall
Orc:2:    st_orc_elflike, layout_caves, serial_shops, shop, minmay_orc_barracks
Elf:1:    eino_elf_arrival_altar, layout_gridlike, minmay_elf_annihilation
Elf:2:    layout_gridlike, serial_shops, shop, minivault_27, minivault_19,
          minmay_strange_pillars, lemuel_flamethrower_2, uniq_agnes, uniq_azrael
Elf:3:    elf_hall, layout_gridlike, serial_shops, shop, minmay_shop_star,
          lemuel_upstairs_altar, uniq_donald

Skill      XL: |  1  2  3  4  5  6  7  8  9 10 11 12 13 14 15 16 17 18 19 20 |
---------------+-------------------------------------------------------------+-----
Shields        | 4 5 6 7 8 10 11 12 13 14 15 16 | 16.6
Fighting       | 4 5 6 7 8 9 11 12 14 15 16 17 18 19 | 19.4
Armour         | 4 5 6 7 8 10 11 12 14 16 17 18 19 | 19.4
Maces & Flails | 3 4 5 6 7 8 9 |  9.7
Throwing       | 1 3 4 5 6 7 8 |  8.4
Dodging        | 2 4 5 7 |  7.6
Evocations     | 2 5 7 9 10 | 10.5
Necromancy     | 3 5 7 8 9 |  9.6

Action                   |  1- 3 |  4- 6 |  7- 9 | 10-12 | 13-15 | 16-18 | 19-21 || total
-------------------------+-------+-------+-------+-------+-------+-------+-------++-------
Melee: Flail             |   188 |   232 |   285 |   752 |  2007 |   142 |       ||  3606
       Whip              |       |       |       |       |       |  2282 |  1755 ||  4037
Throw: Dart              |       |       |     2 |    11 |    36 |     3 |    13 ||    65
       Javelin           |       |       |       |       |    13 |       |       ||    13
Invok: Curse Item        |       |     2 |     2 |     2 |     2 |     3 |     1 ||    12
       Shatter the Chain |       |       |       |       |     1 |     3 |       ||     4
Evoke: Wand              |       |       |       |       |     7 |       |     6 ||    13
  Use: Potion            |       |     1 |     1 |     2 |     3 |     3 |     3 ||    13
       Scroll            |       |       |     1 |     1 |     2 |    11 |     3 ||    18
Armor: Scale mail        |   106 |   154 |    45 |       |       |       |       ||   305
       Ring mail         |       |       |   118 |   300 |   691 |    26 |       ||  1135
       Gold dragon scale |       |       |       |       |       |   847 |   457 ||  1304
Dodge: Dodged            |    64 |    72 |    86 |   261 |   614 |   503 |   377 ||  1977
       Repelled          |       |       |       |       |       |    14 |    36 ||    50
Block: Kite shield       |   110 |   142 |   173 |   439 |  1360 |  1513 |  1236 ||  4973
       Reflection        |       |       |       |       |    31 |    48 |   142 ||   221

Table legend: (Time is in decaauts)
 A = Elapsed time spent in this place.
 B = Non-inter-level travel time spent in this place.
 C = Inter-level travel time spent in this place.
 D = Time resting spent in this place.
 E = Time spent auto-exploring this place.
 F = Levels seen in this place.
 G = Mean time per level.
                   A        B        C        D        E       F      G
               +--------+--------+--------+--------+--------+-----+--------+
         Total |  44867 |  43216 |   1651 |  11401 |  20283 |  34 | 1319.6 |
       Dungeon |  17571 |  16779 |    792 |   2566 |   9958 |  15 | 1171.4 |
          Lair |  10079 |   9719 |    360 |   2994 |   4078 |   6 | 1679.8 |
         Swamp |   5064 |   4904 |    160 |   2091 |   1644 |   4 | 1266.0 |
     Snake Pit |   6037 |   5929 |    108 |   1891 |   2257 |   4 | 1509.2 |
  Orcish Mines |   2885 |   2699 |    186 |   1082 |    783 |   2 | 1442.5 |
   Elven Halls |   3229 |   3186 |     43 |    776 |   1563 |   3 | 1076.3 |
               +--------+--------+--------+--------+--------+-----+--------+

Top non-repeatable levels by time:
  Lair:6: 3092 daAuts
 Snake:4: 2459 daAuts
     D:9: 2420 daAuts
    D:12: 2375 daAuts
  Lair:2: 2187 daAuts
   Orc:2: 2180 daAuts
 Swamp:3: 1777 daAuts
 Swamp:4: 1730 daAuts
 Snake:3: 1579 daAuts
  Lair:3: 1566 daAuts
  Lair:5: 1370 daAuts
    D:14: 1339 daAuts
   Elf:1: 1328 daAuts
     D:4: 1285 daAuts
  Lair:4: 1277 daAuts
